 Dungeon Crawl Stone Soup version 0.21.1-1-g345015f (webtiles) character file.

382 prawnwizard the Chopper (level 6, 0/50 HPs)
             Began as a Hill Orc Monk on July 2, 2018.
             Slain by a scorpion (5 damage)
             ... on level 4 of the Dungeon.
             The game lasted 00:08:00 (3813 turns).

prawnwizard the Chopper (Hill Orc Monk)             Turns: 3813, Time: 00:08:00

Health: 0/50       AC: 11    Str: 16    XL:     6   Next: 76%
Magic:  6/6        EV:  5    Int: 10    God:
Gold:   207        SH:  0    Dex: 13    Spells: 5/5 levels left

rFire    . . .     SeeInvis .   a - +0 hand axe
rCold    + . .     Gourm    .   (no shield)
rNeg     . . .     Faith    .   g - +0 plate armour
rPois    .         Spirit   .   (helmet restricted)
rElec    .         Reflect  .   (no cloak)
rCorr    .         Harm     .   (no gloves)
MR       .....                  n - +0 pair of boots
Stlth    ..........             (no amulet)
HPRegen  0.16/turn              m - ring of protection from cold
MPRegen  0.10/turn              (no ring)

@: lethally poisoned (0 -> -13), starving
A: fangs 1, horns 1, frail 1
a: no special abilities


You were on level 4 of the Dungeon.
You were starving.

You visited 1 branch of the dungeon, and saw 4 of its levels.

You collected 207 gold pieces.

Inventory:

Hand Weapons
 a - a +0 hand axe (weapon)
Armour
 g - a +0 plate armour (worn)
 n - a +0 pair of boots (worn)
Jewellery
 m - a ring of protection from cold (left hand)
Scrolls
 b - a scroll of teleportation {unknown}
 e - 6 scrolls of identify {unknown}
 f - 2 scrolls of amnesia {unknown}
 h - 2 scrolls of enchant armour {unknown}
 i - a scroll of blinking
 k - 2 scrolls of remove curse {unknown}
Potions
 d - 2 potions of resistance
 l - a potion of curing
 o - 3 potions of lignification {unknown}
 p - a potion of invisibility {unknown}
Comestibles
 c - 9 rations


   Skills:
 + Level 5.4 Fighting
 * Level 7.3 Axes
 + Level 3.7 Dodging
 - Level 1.5 Stealth


You had 5 spell levels left.
You didn't know any spells.

Dungeon Overview and Level Annotations

Branches:
Dungeon (4/15)
 Temple: D:4-7

Altars:
The Shining One

Annotations:
D:2 Sigmund


Innate Abilities, Weirdness & Mutations

You have very sharp teeth.
You have a pair of small horns on your head.
You are frail. (-10% HP)


Message History

You feel sick. The scorpion stings you.
* * * LOW HITPOINT WARNING * * *
Your plate armour prevents you from hitting the scorpion.
The scorpion is severely wounded.
* * * LOW HITPOINT WARNING * * *
You feel sick. The scorpion closely misses you.
You hit the scorpion but do no damage.
The scorpion is severely wounded.
* * * LOW HITPOINT WARNING * * *
You feel sick.
You hit the scorpion but do no damage. You headbutt the scorpion.
The scorpion is severely wounded.
* * * LOW HITPOINT WARNING * * *
You feel sick.
The scorpion stings you but does no damage.
You hit the scorpion but do no damage. You headbutt the scorpion.
The scorpion is severely wounded.
* * * LOW HITPOINT WARNING * * *
You feel sick. The scorpion stings you.
You die...

##...#.#
#.#
###.##.#
#.#
....##.#
#.#
######.#
#.# ..#
#.# ###
#.#######
#.......#
#######.#
#@# #s#
#.# ..#
###


You could see a scorpion.

Vanquished Creatures
  Grinder (D:4)
  A scorpion (D:4)
  An iguana (D:4)
  3 adders
  An ooze (D:3)
  An adder skeleton (D:4)
  2 worms (D:2)
  2 dart slugs (D:2)
  3 leopard geckos (D:3)
  9 orcs
  A ball python (D:1)
  6 giant cockroaches
  9 goblins
  5 hobgoblins
  4 quokkas
  8 bats
  A frilled lizard (D:1)
  7 kobolds
  A leopard gecko skeleton (D:4)
  8 rats
74 creatures vanquished.

Notes
Turn   | Place    | Note
-------+----------+-------------------------------------------
     0 | D:1      | prawnwizard the Hill Orc Monk began the quest for the Orb.
     0 | D:1      | Reached XP level 1. HP: 19/19 MP: 1/1
   128 | D:1      | Reached XP level 2. HP: 25/27 MP: 2/2
   547 | D:1      | Reached XP level 3. HP: 33/33 MP: 3/3
   849 | D:2      | Noticed Sigmund
  1224 | D:3      | Reached skill level 5 in Axes
  1244 | D:3      | Found a glowing golden altar of the Shining One.
  1279 | D:3      | Reached XP level 4. HP: 33/41 MP: 4/4
  2653 | D:4      | Reached skill level 6 in Axes
  2653 | D:4      | Reached XP level 5. HP: 29/47 MP: 5/5
  3203 | D:4      | Noticed Grinder
  3227 | D:4      | Gained mutation: You have a pair of small horns on your head. [potion of mutation]
  3227 | D:4      | Gained mutation: You are frail. (-10% HP) [potion of mutation]
  3227 | D:4      | Gained mutation: You have very sharp teeth. [potion of mutation]
  3234 | D:4      | Paralysed by Grinder for 5 turns
  3421 | D:4      | Killed Grinder
  3421 | D:4      | Reached skill level 5 in Fighting
  3421 | D:4      | Reached skill level 7 in Axes
  3421 | D:4      | Reached XP level 6. HP: 8/50 MP: 6/6
  3813 | D:4      | Slain by a scorpion

Skill      XL: |  1  2  3  4  5 |
---------------+----------------+-----
Fighting       | 4 5 |  5.4
Axes           | 5 6 7 |  7.3
Dodging        | 3 |  3.7
Stealth        | |  1.5

Action                   |  1- 3 |  4- 6 || total
-------------------------+-------+-------++-------
Melee: Hand axe          |   136 |   188 ||   324
       Headbutt          |       |     9 ||     9
       Bite              |       |     5 ||     5
  Use: Scroll            |     1 |       ||     1
       Potion            |       |     4 ||     4
  Eat: Chunk             |     1 |     3 ||     4
       Ration            |       |     1 ||     1
Armor: Robe              |     8 |       ||     8
       Plate armour      |   110 |    93 ||   203
Dodge: Dodged            |    41 |    44 ||    85
